Workbook
Name \a: #REF!
Name \b: #REF!
Name \eliminar: #REF!
Name \eliminar1: #REF!
Name \L: #REF!
Name \P: #REF!
Name \q: #REF!
Name _______________EST1: #REF!
Name _______________EST10: #REF!
Name _______________EST11: #REF!
Name _______________EST12: #REF!
Name _______________EST13: #REF!
Name _______________EST14: #REF!
Name _______________EST15: #REF!
Name _______________EST16: #REF!
Name _______________EST17: #REF!
Name _______________EST18: #REF!
Name _______________EST19: #REF!
Name _______________EST2: #REF!
Name _______________EST3: #REF!
Name _______________EST4: #REF!
Name _______________EST5: #REF!
Name _______________EST6: #REF!
Name _______________EST7: #REF!
Name _______________EST8: #REF!
Name _______________EST9: #REF!
Name _______________EXC1: #REF!
Name _______________EXC10: #REF!
Name _______________EXC11: #REF!
Name _______________EXC12: #REF!
Name _______________EXC2: #REF!
Name _______________EXC3: #REF!
Name _______________EXC4: #REF!
Name _______________EXC5: #REF!
Name _______________EXC6: #REF!
Name _______________EXC7: #REF!
Name _______________EXC8: #REF!
Name _______________EXC9: #REF!
Name _____________EST1: #REF!
Name _____________EST10: #REF!
Name _____________EST11: #REF!
Name _____________EST12: #REF!
Name _____________EST13: #REF!
Name _____________EST14: #REF!
Name _____________EST15: #REF!
Name _____________EST16: #REF!
Name _____________EST17: #REF!
Name _____________EST18: #REF!
Name _____________EST19: #REF!
Name _____________EST2: #REF!
Name _____________EST3: #REF!
Name _____________EST4: #REF!
Name _____________EST5: #REF!
Name _____________EST6: #REF!
Name _____________EST7: #REF!
Name _____________EST8: #REF!
Name _____________EST9: #REF!
Name _____________EXC1: #REF!
Name _____________EXC10: #REF!
Name _____________EXC11: #REF!

Sheet INTERVENTORIA
B2: Documento: INTERVENTORÍA
B3: =+_xlfn.CONCAT('[1]PRESUPUESTO GNRAL'!$B$3:$G$3) -> Proyecto: CONSERVACIÓN DE ÁREAS AMBIENTALES ESTRATÉGICAS PARA EL ORDENAMIENTO ALREDEDOR DEL AGUA Y LA JUSTICIA AMBIENTAL EN MUNICIPIOS DEL COMPLEJO HUMEDALES CIÉNAGA GRANDE DE SANTA MARTA, DEPARTAMENTO DEL MAGDALENA
B5: ITEM | C5: DESCRIPCION | F5: UNIDAD | G5: CANT | H5: VALOR/ MES/BASE | I5: FM | J5: % DEDICACIÓN | K5: MESES | L5: VR TOTAL
B6: 1 | C6: PERSONAL PROFESIONAL Y TÉCNICO* | L6: =+SUM(L7:L12) -> 1.5569235e+09
B7: 1.1 | C7: Director de la Interventoría | F7: Persona | G7: 1 | H7: 6982910 | I7: =+'Factor Multiplicador'!I27 -> 1.8367785 | J7: 1 | K7: 21 | L7: =+G7*H7*I7*J7*K7 -> 2.6934725e+08
B8: 1.2 | C8: Profesional Universitario en Ciencias Ambientales | F8: Persona | G8: 3 | H8: 5163904 | I8: =+'Factor Multiplicador'!$I$27 -> 1.8367785 | J8: 1 | K8: 21 | L8: =+G8*H8*I8*J8*K8 -> 5.9755173e+08
B9: 1.3 | C9: Profesional Universitario en Ciencias Agropecuarias | F9: Persona | G9: 2 | H9: =+H8 -> 5163904 | I9: =+'Factor Multiplicador'!$I$27 -> 1.8367785 | J9: 1 | K9: 21 | L9: =+G9*H9*I9*J9*K9 -> 3.9836782e+08
B10: 1.4 | C10: Auxiliar administrativa | F10: Persona | G10: 1 | H10: 2577517 | I10: =+'Factor Multiplicador'!J27 -> 1.7940392 | J10: 1 | K10: 21 | L10: =+G10*H10*I10*J10*K10 -> 97107499
B11: 1.5 | C11: Profesional Universitario en Ciencias Juridicas | F11: Persona | G11: 1 | H11: 5163904 | I11: =+'Factor Multiplicador'!J27 -> 1.7940392 | J11: 0.5 | K11: 21 | L11: =+G11*H11*I11*J11*K11 -> 97274587
B12: 1.6 | C12: Profesional Universitario en Ciencias Economicas y Contables | F12: Persona | G12: 1 | H12: =+H11 -> 5163904 | I12: =+'Factor Multiplicador'!J27 -> 1.7940392 | J12: 0.5 | K12: 21 | L12: =+G12*H12*I12*J12*K12 -> 97274587
B13: 2 | C13: COSTOS DIRECTOS | L13: =SUM(L14:L15) -> 3.4223197e+08
B14: 2.1 | C14: Alquiler de Oficina, -incluye mobiliario y servicios públicos - Pago de gastos de fotocopias, papelería, escaneada de documentos, correspondencia, entre otros. | F14: Alquiler /mensual | G14: 1 | H14: =+'[1]Listado de insumos'!$D$87 -> 3896760.4 | K14: 21 | L14: =+G14*H14*K14 -> 81831969
B15: 2.2 | C15: Alquiler de camioneta 4x4, incluye conductor, combustible y mantenimiento. | F15: Alquiler /mensual | G15: 2 | H15: =+'[1]Listado de insumos'!$D$88 -> 6200000 | K15: 21 | L15: =+G15*H15*K15 -> 260400000
B16: TOTAL COSTOS DIRECTOS | L16: =+L6+L13 -> 1.8991554e+09
B17: IVA (19%) | L17: =+L16*19% -> 3.6083953e+08
B18: VALOR TOTAL | L18: =+L16+L17 -> 2.259995e+09
B19: *Para el establecimiento del valor mensual se tuvo en cuenta el Decreto 301 de 2024 "Asignaciones salariales - Función Pública".
C20: Aprobó: | G20: Elaboró

Sheet Factor  Multiplicador
A1: FACTOR MULTIPLICADOR
A2: CONCEPTO | I2: Personal campo | J2: Personal oficina
A3: 1. | B3: Salarios y Prestaciones Sociales de Personal Facturable
A5: 1.1. | B5: Salarios | I5: 1 | J5: 1
A6: 1.2. | B6: Prima anual (legal) | E6: 1 | F6: ÷ 12 = | I6: 0.083333333 | J6: 0.083333333
A7: 1.3. | B7: Cesantía | E7: 1 | F7: ÷ 12 = | I7: 0.083333333 | J7: 0.083333333
A8: 1.4. | B8: Intereses de cesantía | E8: 0.01 | F8: x 1.3. = | I8: 0.01 | J8: 0.01
A9: 1.5. | B9: Vacaciones | I9: 0.049966667 | J9: 0.049966667
A10: 1.6. | B10: Seguridad Social (salud) | I10: 0.085 | J10: 0.085
A11: 1.7. | B11: Seguridad Social (pensión) | I11: 0.12 | J11: 0.12
A12: 1.8. | B12: Caja de Compensación Familiar | I12: 0.04 | J12: 0.04
A13: 1.9. | B13: ARL Clase I Personal oficina | I13: 0 | J13: 0.00522
A14: 1.10. | B14: ARL Clase IV Personal en campo | I14: 0.0435 | J14: 0
A15: 1.11. | B15: Sena | I15: 0.02 | J15: 0.02
A16: 1.12. | B16: ICBF | I16: 0.03 | J16: 0.03
A17: Sub-total | I17: =SUM(I5:I16) -> 1.5651333 | J17: =SUM(J5:J16) -> 1.5268533
A18: 3. | B18: Costos Indirectos
A19: 3.1 | B19: Pólizas | I19: 0.01 | J19: 0.01
A20: 3.2 | B20: Contribución especial de Obra Publica | I20: 0.05 | J20: 0.05
A21: 3.3 | B21: Estampilla PRO Universidad Nacional de Colombia | I21: 0.02 | J21: 0.02
A22: Sub-total | I22: =SUM(I19:I21) -> 0.08 | J22: =SUM(J19:J21) -> 0.08
A23: Sub-Total General | I23: =+I22+I17 -> 1.6451333 | J23: =+J22++J17 -> 1.6068533
A25: 4 | B25: Honorarios | H25: 0.11649221 | I25: =+I23*H25 -> 0.19164522 | J25: =+J23*H25 -> 0.18718589
A26: TOTAL CALCULADO | I26: =I25+I22+I17 -> 1.8367785 | J26: =J25+J22+J17 -> 1.7940392
A27: TOTAL ADOPTADO | I27: =+I26 -> 1.8367785 | J27: =+J26 -> 1.7940392
C29: Aprobó: | G29: Elaboró
